 Dungeon Crawl Stone Soup version 0.30.0-19-g36f170ea60 (webtiles) character file.

Game seed: 15148085030744335767

78 cheesebisquit the Caller (level 4, -2/18 HPs)
             Began as a Felid Summoner on May 26, 2023.
             Slain by a gnoll
             ... wielding a +0 halberd
              (7 damage)
             ... on level 4 of the Dungeon.
             The game lasted 00:16:45 (3532 turns).

cheesebisquit the Caller (Felid Summoner)           Turns: 3532, Time: 00:16:45

Health: -2/18      AC:  1    Str:  4    XL:     4   Next: 15%
Magic:  2/10       EV: 17    Int: 18    God:
Gold:   213        SH:  0    Dex: 16    Spells: 1/10 levels left
                                        Lives:  0   Deaths: 1

rFire   . . .        (weapon unavailable)
rCold   . . .        (shield unavailable)
rNeg    . . .        (body armour unavailable)
rPois   .            (helmet unavailable)
rElec   .            (cloak unavailable)
rCorr   .            (gloves unavailable)
SInv    +            (boots unavailable)
Will    .....        (no amulet)
Stlth   ++           (no ring)
HPRegen 0.23/turn    (no ring)
MPRegen 0.12/turn

%: no passive effects
@: quick
A: very small, claws 1, fangs 3, see invisible, speed 1, shaggy fur 1, stealthy
paws, no weapons or thrown items, no armour, multi-lived
a: no special abilities


You were on level 4 of the Dungeon.
You visited 1 branch of the dungeon, and saw 4 of its levels.

You collected 213 gold pieces.

Inventory:

Jewellery
 f - a ring of fire
Wands
 n - a wand of paralysis (3)
Scrolls
 b - a scroll of enchant armour {unknown}
 c - 2 scrolls of identify {unknown}
 d - 3 scrolls of brand weapon {unknown}
 e - a scroll of amnesia {unknown}
 h - 3 scrolls of teleportation {unknown}
 j - a scroll of acquirement {unknown}
 k - 2 scrolls of fear {unknown}
 p - a scroll of blinking {unknown}
Potions
 a - 2 potions of magic
 g - a potion of heal wounds
 i - a potion of haste {unknown}
 l - a potion of mutation {unknown}
 m - a potion of attraction {unknown}
 o - a potion of brilliance {unknown}


   Skills:
 - Level 2.6 Dodging
 - Level 2.6 Stealth
 + Level 3.5 Spellcasting
 + Level 1.7 Hexes
 + Level 5.1 Summonings


You had one spell level left.
You knew the following spells:

 Your Spells              Type           Power      Damage    Failure   Level
a - Summon Small Mammal   Summ           84%        N/A       1%          1
b - Call Imp              Summ           42%        N/A       2%          2
c - Call Canine Familiar  Summ           21%        N/A       5%          3
d - Summon Guardian Gole  Hex/Summ       15%        N/A       11%         3

Your spell library contained the following spells:

 Spells                   Type           Power      Damage    Failure   Level
 Summon Lightning Spire   Summ/Air       12%        N/A       47%         4


Dungeon Overview and Level Annotations

Branches:
Dungeon (4/15)
 Temple: D:4-7

Altars:
Hepliaklqana
Kikubaaqudgha
Ru
Vehumet

Shops:
D:1 :


Innate Abilities, Weirdness & Mutations

You have sharp claws.
You have razor-sharp teeth.
You have supernaturally acute eyesight. (SInv)
You cover ground quickly. (Speed+)
You are covered in fur. (AC +1)
Your paws help you pounce on unaware monsters.
You are incapable of wielding weapons or throwing items.
You cannot wear armour.
You gain extra lives every three experience levels.


Message History

Your cerulean imp closely misses the orc wizard.
Your quokka bites the orc wizard but does no damage.
The gnoll completely misses you.
The orc wizard misses your cerulean imp.
Your cerulean imp hits the orc wizard with a -2 spear.
Your quokka closely misses the orc wizard.
The gnoll hits you from afar with a +0 halberd.
* * * LOW HITPOINT WARNING * * *
The orc wizard points at your quokka and mumbles some strange words.
The puff of flame hits your quokka!
Your quokka dies!
Your quokka's corpse disappears in a puff of smoke!
Your cerulean imp barely misses the orc wizard.
The orc wizard casts a spell at your quokka.
Your quokka resists with significant effort.
Your cerulean imp barely misses the orc wizard.
Your quokka closely misses the orc wizard.
The orc wizard closely misses your quokka.
Your cerulean imp hits the orc wizard but does no damage.
Your quokka barely misses the orc wizard.
The orc wizard points at your quokka and mumbles some strange words.
The puff of flame misses your quokka.
Your cerulean imp misses the orc wizard.
Your quokka closely misses the orc wizard.
The orc wizard closely misses your quokka.
A gnoll comes into view. It is wielding a +0 flail.
Found a scroll labelled GIDGHU GA OHURO.
Your quokka bites the gnoll.
The giant cockroach barely misses your quokka.
Something barely misses your quokka.
Casting: Summon Small Mammal (safe; 1% risk of failure)
Confirm with . or Enter, or press ? or * to list all spells.
The gnoll shouts!
Your quokka bites the gnoll.
The gnoll barely misses your quokka.
Casting: Call Canine Familiar (quite dangerous; 5% risk of failure)
Confirm with . or Enter, or press ? or * to list all spells.
A tiny devil pulls itself out of the air.
Your quokka bites the gnoll.
The gnoll hits you from afar with a +0 halberd!
You die...

#.#####
#.....#
#####.# #.#
#.# #.# #.#
#.##########
#5.rg..ogh@#
#oB#######5#
#..# #.#
#... ..?
##..# #g##
#..# #.#
#..# #.#
#..# #.#


You could see an orc priest, 3 gnolls, a friendly hound (summoned), a friendly
cerulean imp (summoned) and a friendly quokka (summoned).

Vanquished Creatures
  An adder (D:2)
  A hobgoblin (D:1)
  A kobold (D:1)
  A bat (D:2)
  A goblin (D:2)
5 creatures vanquished.

Vanquished Creatures (collateral kills)
  3 adders
  3 gnolls (D:3)
  5 worms
  A dart slug (D:3)
  3 orcs
  A bat (D:1)
  5 endoplasms
  3 giant cockroaches
  7 goblins
  3 hobgoblins
  2 jackals (D:2)
  4 quokkas
  2 ball pythons (D:3)
  3 frilled lizards
  4 rats
49 creatures vanquished.

Grand Total: 54 creatures vanquished

Notes
Turn   | Place    | Note
-------+----------+-------------------------------------------
     0 | D:1      | cheesebisquit the Felid Summoner began the quest for the
                  | Orb.
     0 | D:1      | Reached XP level 1. HP: 7/7 MP: 4/4
   294 | D:1      | Reached XP level 2. HP: 11/11 MP: 3/6
   514 | D:1      | Found Fehirefarch's Book Boutique.
  1140 | D:2      | Reached XP level 3. HP: 14/14 MP: 5/8
  2089 | D:2      | Learned a level 2 spell: Call Imp
  2093 | D:2      | Learned a level 3 spell: Call Canine Familiar
  2233 | D:3      | Reached XP level 4. HP: 18/18 MP: 6/9
  2268 | D:3      | Found an ancient bone altar of Kikubaaqudgha.
  2291 | D:3      | Found a sacrificial altar of Ru.
  2291 | D:3      | Found a hazy altar of Hepliaklqana.
  2291 | D:3      | Found a radiant altar of Vehumet.
  2929 | D:3      | Reached skill level 5 in Summonings
  2934 | D:3      | Learned a level 3 spell: Summon Guardian Golem
  3199 | D:3      | Reached skill level 1 in Hexes
  3202 | D:3      | Slain by a gnoll
  3203 | D:3      | Reached XP level 3. HP: -3/14 MP: 4/8
  3268 | D:3      | Reached XP level 4. HP: 18/18 MP: 2/10
  3532 | D:4      | Slain by a gnoll

Illustrated notes

Levels and vault maps discovered:
D:1:      scummos_arrival_forest, layout_basic, serial_shops,
          nicolae_book_shop_shelving, hangedman_decor_push, moated_statue,
          serial_park_tiny_2, kennysheep_another_room
D:2:      layout_loops_corners, minmay_misc_feat_diagonals
D:3:      layout_basic, kiku_gazebo_pond_becter, gammafunk_temple_overflow_claw,
          nicolae_figureground_sparkle
D:4:      layout_loops_ring, grunt_ministairs_12

Skill      XL: |  1  2  3  4 |
---------------+-------------+-----
Spellcasting   | 3 |  3.5
Summonings     | 5 |  5.1
Hexes          | 1 |  1.7
Dodging        | |  2.6
Stealth        | |  2.6

Action                     |  1- 3 |  4- 6 || total
---------------------------+-------+-------++-------
  Melee: Unarmed           |    15 |     4 ||    19
   Cast: Summon Small Mamm |    69 |    20 ||    89
         Call Canine Famil |     2 |    10 ||    12
         Call Imp          |     2 |     9 ||    11
    Use: Potion            |       |     2 ||     2
   Stab: Distracted        |     1 |       ||     1
 Armour: Skin              |       |     1 ||     1
  Dodge: Dodged            |    19 |    12 ||    31
